 Dungeon Crawl Stone Soup version 0.21-a0-504-g2eda330 (webtiles) character file.

109 kibaces the Chopper (level 4, 0/28 HPs)
             Began as a Gargoyle Berserker on Nov 25, 2017.
             Was a Follower of Trog.
             Slain by Gwenloh's ghost (1 damage)
             ... on level 3 of the Dungeon.
             The game lasted 00:02:25 (2694 turns).

kibaces the Chopper (Gargoyle Berserker)            Turns: 2694, Time: 00:02:25

Health: 0/28       AC: 12    Str: 21    XL:     4   Next: 90%
Magic:  4/4        EV:  8    Int:  8    God:    Trog [*.....]
Gold:   58         SH:  0    Dex:  9    Spells: 3/3 levels left

rFire    . . .     SeeInvis .   n - +0 war axe
rCold    . . .     Gourm    .   (no shield)
rNeg     + . .     Faith    .   f - +0 chain mail
rPois    ∞         Spirit   .   (no helmet)
rElec    +         Reflect  .   (no cloak)
rCorr    .         Harm     .   (no gloves)
MR       .....                  (no boots)
Stlth    ..........             (no amulet)
HPRegen  0.09/turn              (no ring)
MPRegen  0.09/turn              (no ring)

@: berserk cooldown
A: negative energy resistance 1, electricity resistance, unbreathing,
petrification resistance, rot immunity, AC +3
a: Berserk, Burn Spellbooks, Renounce Religion


You were on level 3 of the Dungeon.
You worshipped Trog.
Trog was aware of your devotion.
You were near starving.

You visited 1 branch of the dungeon, and saw 3 of its levels.

You collected 58 gold pieces.


Innate Abilities, Weirdness & Mutations

You are resistant to torment.
Your stone body is resilient. (AC +3)
You are immune to poison.
You resist negative energy. (rN+)
You are resistant to electric shocks. (rElec)
You can survive without breathing.
You are immune to petrification.
You are immune to rotting.


   Skills:
 - Level 3.2 Fighting
 + Level 4.9 Axes
 - Level 2.1 Armour
 - Level 1.5 Dodging


You had 3 spell levels left.
You didn't know any spells.

Inventory:

Hand Weapons
 h - a +0 club
 n - a +0 war axe (weapon)
Armour
 f - a +0 chain mail (worn)
Jewellery
 d - a +4 amulet of reflection {unknown}
 e - a cursed -2 ring of protection {unknown}
 i - a cursed amulet of inaccuracy {unknown}
 l - an uncursed amulet of the gourmand {unknown}
Scrolls
 j - a scroll of remove curse
 m - a scroll of fog {unknown}
 o - a scroll of teleportation {unknown}
 p - a scroll of fear {unknown}
Potions
 g - a potion of lignification {unknown}
 k - a potion of mutation {unknown}
Comestibles
 a - 8 chunks of flesh
 b - a royal jelly
 c - 3 bread rations

Dungeon Overview and Level Annotations

Branches:
Dungeon (3/15)

Altars:
Ashenzari
Fedhas
Ru
Trog

Annotations:
D:3 Gwenloh's ghost, amateur MfSk


Message History

Gwenloh's ghost is severely damaged.
Gwenloh's ghost hits you but does no damage.
Gwenloh's ghost hits you.
Gwenloh's ghost's shroud bends your attack away.
Gwenloh's ghost closely misses you.
Gwenloh's ghost hits you but does no damage.
You hit Gwenloh's ghost.
Gwenloh's ghost's shroud falls apart!
Gwenloh's ghost is almost destroyed.
You feel yourself speed up. Gwenloh's ghost stares at you.
Gwenloh's ghost hits you.
You hit Gwenloh's ghost.
Gwenloh's ghost is almost destroyed.
Gwenloh's ghost hits you.
Gwenloh's ghost casts a spell.
Space distorts along a thin shroud covering Gwenloh's ghost's form.
You closely miss Gwenloh's ghost.
Gwenloh's ghost is almost destroyed.
Gwenloh's ghost hits you.
You die...

...# ...####### ...
.........# ....#
...#####.# #.#.# ...#
#.# #.#.# ...#####.##
..... ...........
#K#.# ########.##
#W#.# # ###.###
#@#.##
######.....#####....#
.......###..........#
..####.# #..........#
#.# #.###.######.#.#
#.# #.....# #.#.# #.#
####### #.#.# #.# #.#
# #.# #.#


You could see Gwenloh's ghost and a kobold.

Vanquished Creatures
  5 adders
  An ooze (D:3)
  2 worms
  A dart slug (D:2)
  A leopard gecko (D:1)
  5 orcs (D:3)
  A giant cockroach (D:2)
  5 goblins
  7 hobgoblins
  4 jackals (D:2)
  2 quokkas
  2 ball pythons
  6 bats
  2 frilled lizards
  2 kobolds
  A rat (D:2)
47 creatures vanquished.

Notes
Turn   | Place    | Note
-------+----------+-------------------------------------------
     0 | D:1      | kibaces the Gargoyle Berserker began the quest for the Orb.
     0 | D:1      | Reached XP level 1. HP: 14/14 MP: 1/1
     0 | D:1      | 0 ||| counter = 2
   268 | D:1      | Reached skill level 3 in Axes
   458 | D:1      | 458 ||| INVOKING Berserk.
   459 | D:1      | Reached XP level 2. HP: 14/19 MP: 2/2
   991 | D:1      | 991 ||| INVOKING Berserk.
  1320 | D:1      | 1320 ||| UPGRADING to chain mail.
  1330 | D:1      | 1330 ||| DROPPING +0 animal skin.
  1331 | D:1      | 1331 ||| READING scroll labeled MEHEFU BEOFASK.
  1332 | D:1      | 1332 ||| READING scroll labeled DUESMAEGUSS.
  1333 | D:1      | 1333 ||| READING 2 scrolls labeled UKYFFIZAAS.
  1334 | D:1      | 1334 ||| UPGRADING to club.
  1335 | D:1      | 1335 ||| SWAPPING to +1 hand axe.
  1371 | D:2      | 1371 ||| STAIRDANCE
  1399 | D:1      | 1399 ||| EATING royal jelly.
  1467 | D:2      | Reached XP level 3. HP: 19/23 MP: 3/3
  1530 | D:2      | Reached skill level 4 in Axes
  1815 | D:2      | Reached XP level 4. HP: 28/28 MP: 4/4
  2308 | D:3      | Found a sacrificial altar of Ru.
  2358 | D:3      | 2358 ||| SWAPPING to war axe.
  2374 | D:3      | 2374 ||| DROPPING +1 hand axe.
  2408 | D:3      | Found a bloodstained altar of Trog.
  2412 | D:3      | Found a shattered altar of Ashenzari.
  2503 | D:3      | Found a blossoming altar of Fedhas.
  2653 | D:3      | Noticed Gwenloh's ghost (amateur MfSk)
  2657 | D:3      | 2657 ||| INVOKING Berserk.
  2689 | D:3      | HP: 7/28 [Gwenloh's ghost (1)]
  2692 | D:3      | HP: 2/28 [Gwenloh's ghost (4)]
  2694 | D:3      | Slain by Gwenloh's ghost

Vault maps used:
D:1:      minmay_arrival_stone_box
D:2:      first_bread
D:3:      grunt_temple_overflow_open, nicolae_ru_awakened_eye

Skill      XL: |  1  2  3 |
---------------+----------+-----
Axes           | 3 4 |  4.9
Fighting       | |  3.2
Armour         | |  2.1
Dodging        | |  1.5

Action                   |  1- 3 |  4- 6 || total
-------------------------+-------+-------++-------
Melee: Hand axe          |    94 |    29 ||   123
       War axe           |       |    99 ||    99
Invok: Berserk           |     2 |     1 ||     3
  Use: Scroll            |     3 |       ||     3
  Eat: Chunk             |     3 |     2 ||     5
       Royal jelly       |     1 |       ||     1
Armor: Animal skin       |    17 |       ||    17
       Chain mail        |    38 |    77 ||   115
Dodge: Dodged            |    54 |    48 ||   102

Table legend:
 A = Spawn XP
 B = Non-spawn XP
 C = Spawn XP percentage of total XP
 D = Spawn monster count
 E = Non-spawn monster count
 F = Spawn count percentage of total count
 G = Total turns spent on level
                    A         B        C        D         E        F      G
               +---------+---------+-------+---------+---------+-------+---------
         Total |       0 |     157 |   0.0 |       0 |      47 |   0.0 |  2694
               +---------+---------+-------+---------+---------+-------+---------
           D:1 |       0 |      17 |   0.0 |       0 |      11 |   0.0 |  1390
           D:2 |       0 |      86 |   0.0 |       0 |      20 |   0.0 |   891
           D:3 |       0 |      54 |   0.0 |       0 |      16 |   0.0 |   413
               +---------+---------+-------+---------+---------+-------+---------
